 Dungeon Crawl Stone Soup version 0.31-a0-1-g4198be8af4 (webtiles) character file.

Game seed: 2520171576051236710

2264 bmack86 the Cleaver (level 9, -14/79 HPs)
             Began as a Minotaur Fighter on May 1, 2023.
             Demolished by a skeletal warrior
             ... wielding a +0 flail
              (20 damage)
             ... on level 7 of the Dungeon.
             The game lasted 00:13:58 (6090 turns).

bmack86 the Cleaver (Minotaur Fighter)              Turns: 6090, Time: 00:13:59

Health: -14/79     AC: 12    Str: 25    XL:     9   Next: 16%
Magic:  8/8        EV: 13    Int:  5    God:
Gold:   475        SH:  5    Dex: 10    Spells: 8/8 levels left

rFire   . . .        a - +1 war axe
rCold   . . .        c - +0 buckler
rNeg    . . .        m - +0 chain mail
rPois   .            (helmet restricted)
rElec   .            (no cloak)
rCorr   .            j - +1 pair of gloves
SInv    .            (no boots)
Will    +....        (no amulet) Stlth
                     u - +5 ring of evasion
HPRegen 0.33/turn    q - ring of willpower
MPRegen 0.11/turn

%: no passive effects
@: no status effects
A: horns 2, retaliatory headbutt
a: no special abilities


You were on level 7 of the Dungeon.
You visited 1 branch of the dungeon, and saw 7 of its levels.

You collected 475 gold pieces.

Inventory:

Hand Weapons
 a - a +1 war axe (weapon)
 k - a +0 war axe
Missiles
 i - 3 poisoned darts
 r - 3 boomerangs
Armour
 b - a +0 scale mail
 c - a +0 buckler (worn)
 j - a +1 pair of gloves (worn)
 m - a +0 chain mail (worn)
 w - a +1 pair of boots
Jewellery
 q - a ring of willpower (right hand)
 u - a +5 ring of evasion (left hand)
Wands
 p - a wand of flame (6) (quivered)
 x - a wand of polymorph (3)
Scrolls
 e - 3 scrolls of teleportation
 h - a scroll of magic mapping
 n - a scroll of noise
 o - 3 scrolls of identify
 t - a scroll of torment {unknown}
 y - a scroll of vulnerability {unknown}
Potions
 f - 4 potions of curing
 g - 3 potions of haste
 l - 2 potions of brilliance
 s - 3 potions of heal wounds
 v - 2 potions of flight


   Skills:
 + Level 7.2 Fighting
 * Level 9.1 Axes
 + Level 3.5 Throwing
 + Level 7.2 Armour
 + Level 7.1 Shields


You had 8 spell levels left.
You didn't know any spells.
Your spell library contained the following spells:

 Spells                   Type           Power      Damage    Failure   Level
 Necrotise                Necr           0%         1d4       96%         1
 Blink                    Tloc           0%         N/A       99%         2
 Lesser Beckoning         Tloc           0%         N/A       99%         2
 Momentum Strike          Conj/Tloc      0%         3d8       99%         2
 Dazzling Flash           Conj/Hex       0%         N/A       100%        3
 Vampiric Draining        Necr           0%         2d6       100%        3
 Vhi's Electric Charge    Tloc/Air       0%         N/A       100%        3
 Agony                    Necr           0%         N/A       100%        5
 Arcjolt                  Conj/Air       0%         1d10      100%        5
 Silence                  Hex/Air        0%         N/A       100%        5
 Maxwell's Capacitive Co  Air            0%         ∞         100%        8


Dungeon Overview and Level Annotations

Branches:
Dungeon (7/15)
 Temple: D:4-7

Altars:
Ru

Shops:
D:4 :


Innate Abilities, Weirdness & Mutations

You have a pair of horns on your head.
You reflexively headbutt those who attack you in melee.


Message History

You block the skeletal warrior's attack.
The skeletal warrior attacks as you move away!
The skeletal warrior hits you with a +2 mace of protection!
Found a stone staircase leading up.
You hit the skeletal warrior but do no damage.
The skeletal warrior hits you with a +2 mace of protection.
You closely miss the skeletal warrior.
You headbutt the skeletal warrior, but do no damage.
The skeletal warrior hits you with a +2 mace of protection!
You closely miss the skeletal warrior.
The skeletal warrior hits you with a +2 mace of protection.
You barely miss the skeletal warrior.
The skeletal warrior closely misses you.
You slash the skeletal warrior!
The skeletal warrior is lightly damaged.
The skeletal warrior hits you with a +2 mace of protection!
You barely miss the skeletal warrior.
Your headbutt misses the skeletal warrior.
The skeletal warrior is lightly damaged.
You block the skeletal warrior's attack.
You hit the skeletal warrior but do no damage.
The skeletal warrior is lightly damaged.
The skeletal warrior hits you but does no damage.
You block the skeletal warrior's attack.
You barely miss the skeletal warrior. You hit the skeletal warrior.
You block the skeletal warrior's attack.
The skeletal warrior hits you with a +2 mace of protection!
* * * LOW HITPOINT WARNING * * *
You hit the skeletal warrior but do no damage.
Your headbutt misses the skeletal warrior.
You hit the skeletal warrior but do no damage.
The skeletal warrior misses you.
The skeletal warrior hits you with a +2 mace of protection!
* * * LOW HITPOINT WARNING * * *
You hit the skeletal warrior but do no damage.
You headbutt the skeletal warrior.
The skeletal warrior is lightly damaged.
You hit the skeletal warrior but do no damage.
The skeletal warrior hits you with a +0 flail!!
You die...

*,*,* *,*,* ****** ********,*,*
********,,,,###******,,,,,,,,*,*
,,,,,,,#...$#..,,,,,,,******+*,**
,,,,,,,#.z..#.########*****,,,,,,
,,,,,,,#....#.#<.#...,,,,,+,,,,,,
,,,,,,,#z...#.#z##.##******,,,,,,
,,,,,,,#....#.#.@z..# *,,,,,,
,,,,,,,#....#.####..######*,,,,,,
,,,,,,,+....'.z............,,,>**
,,,,,,,#.....).###..####...***,*
*******####..#......# *,,,* *,*
*****#..###.....# *,,.* *,* **
*,,,...#*,##....####...* *,*
.##*#.##...,*,#....#.......* *,*
,..##.#..#.**,##.#...##.,,,* *,*


You could see 2 skeletal warriors.

Vanquished Creatures
  A skeletal warrior (D:7)
  A wyvern (D:7)
  An ice beast (D:6)
  2 sky beasts (D:6)
  2 black bears
  2 scorpions (D:5)
  5 wights (D:6)
  A howler monkey (D:4)
  A hound (D:4)
  2 jellies
  4 orc priests
  2 sleepcaps
  4 iguanas
  4 orc wizards
  4 gnolls (D:6)
  4 adders
  A shadow imp (D:5)
  3 white imps
  2 ufetubi
  8 worms
  2 dart slugs (D:1)
  20 orcs
  9 ball pythons
  5 bats
  4 endoplasms
  3 giant cockroaches
  6 goblins
  9 hobgoblins
  7 jackals
  2 quokkas
  A frilled lizard (D:2)
  7 kobolds
  8 rats
137 creatures vanquished.

Notes
Turn   | Place    | Note
-------+----------+-------------------------------------------
     0 | D:1      | bmack86 the Minotaur Fighter began the quest for the Orb.
     0 | D:1      | Reached XP level 1. HP: 19/19 MP: 0/0
   182 | D:1      | Reached XP level 2. HP: 27/27 MP: 1/1
   276 | D:1      | Reached skill level 3 in Axes
   795 | D:2      | Reached XP level 3. HP: 27/33 MP: 2/2
  1345 | D:3      | Reached XP level 4. HP: 25/40 MP: 3/3
  1552 | D:3      | Reached skill level 4 in Axes
  1690 | D:3      | Found a sacrificial altar of Ru.
  2236 | D:4      | Reached XP level 5. HP: 36/47 MP: 4/4
  2304 | D:4      | Found Fadeun's Vocational Training.
  2367 | D:4      | Reached skill level 5 in Axes
  2560 | D:4      | Reached XP level 6. HP: 55/55 MP: 5/5
  2793 | D:4      | Reached skill level 5 in Fighting
  2795 | D:4      | Reached skill level 5 in Armour
  3083 | D:4      | Reached skill level 5 in Shields
  3554 | D:5      | Entered Level 5 of the Dungeon
  3735 | D:5      | Reached skill level 6 in Axes
  3873 | D:5      | Reached XP level 7. HP: 52/61 MP: 6/6
  4860 | D:5      | Reached skill level 7 in Axes
  4860 | D:5      | Reached skill level 1 in Throwing
  5049 | D:6      | Reached XP level 8. HP: 70/70 MP: 7/7
  5537 | D:6      | Reached skill level 8 in Axes
  5899 | D:7      | Noticed a skeletal warrior
  5908 | D:7      | Killed a skeletal warrior
  5909 | D:7      | Reached skill level 9 in Axes
  5909 | D:7      | Reached XP level 9. HP: 28/79 MP: 8/8
  6065 | D:7      | Noticed a skeletal warrior
  6065 | D:7      | Noticed a skeletal warrior
  6090 | D:7      | Demolished by a skeletal warrior

Illustrated notes

Levels and vault maps discovered:
D:1:      tarquinn_simple_flora_water_f, layout_loops_ring
D:2:      wander_river, layout_basic, hangedman_abyss_or_decor_lesser_grid
D:3:      layout_loops_ring, lemuel_tele_altar
D:4:      layout_layer_cave, nicolae_shop_vocational
D:5:      layout_basic, serial_curves, eino_curves_03, eino_curves_01
D:6:      layout_basic, minmay_temple_entry_from_below_b, minivault_22,
          chequers_serial_rivers_micro_a, dreamdust_mushroom_princess
D:7:      minmay_blocky_corners, layout_basic, abandoned_shop, grunt_ogre_cave,
          minmay_fractal_squares_gapless_5, uniq_prince_ribbit1

Skill      XL: |  1  2  3  4  5  6  7  8 |
---------------+-------------------------+-----
Axes           | 3 4 5 6 7 9 |  9.1
Armour         | 4 5 6 7 |  7.2
Fighting       | 4 5 6 7 |  7.2
Shields        | 4 5 6 7 |  7.1
Throwing       | 1 3 |  3.5

Action                     |  1- 3 |  4- 6 |  7- 9 || total
---------------------------+-------+-------+-------++-------
  Melee: War axe           |    84 |    93 |   150 ||   327
         Headbutt          |    15 |    18 |    22 ||    55
  Evoke: Wand              |       |     3 |       ||     3
    Use: Scroll            |     1 |     5 |    10 ||    16
         Potion            |       |       |     1 ||     1
 Armour: Scale mail        |    30 |       |       ||    30
         Chain mail        |    20 |    57 |    69 ||   146
  Dodge: Dodged            |    44 |    51 |    67 ||   162
  Block: Buckler           |    21 |    22 |    37 ||    80

Table legend: (Time is in decaauts)
 A = Elapsed time spent in this place.
 B = Non-inter-level travel time spent in this place.
 C = Inter-level travel time spent in this place.
 D = Time resting spent in this place.
 E = Time spent auto-exploring this place.
 F = Levels seen in this place.
 G = Mean time per level.
                   A        B        C        D        E       F      G
               +--------+--------+--------+--------+--------+-----+--------+
         Total |   6180 |   5843 |    337 |    265 |   4250 |   7 |  882.9 |
       Dungeon |   6180 |   5843 |    337 |    265 |   4250 |   7 |  882.9 |
               +--------+--------+--------+--------+--------+-----+--------+

Top non-repeatable levels by time:
     D:5: 1302 daAuts
     D:4: 1293 daAuts
     D:3: 968 daAuts
     D:6: 941 daAuts
     D:1: 798 daAuts
     D:2: 555 daAuts
     D:7: 320 daAuts
